 Dungeon Crawl Stone Soup version 0.30.1-4-g462c640d31 (webtiles) character file.

Game seed: 15040946407172895251

42 hawla the Firebug (level 4, -1/33 HPs)
             Began as a Meteoran Fire Elementalist on Aug 10, 2023.
             Slain by a quokka (4 damage)
             ... on level 4 of the Dungeon on Aug 11, 2023.
             The game lasted 00:04:02 (304 turns).

hawla the Firebug (Meteoran Fire Elementalist)       Turns: 304, Time: 00:04:02

Health: -1/33      AC:  2    Str: 10    XL:     4   Next: 5%
Magic:  6/9        EV: 12    Int: 18    God:
Gold:   85         SH:  0    Dex: 14    Spells: 6/9 levels left

rFire   . . .        (no weapon)
rCold   . . .        (no shield)
rNeg    . . .        a - +0 robe
rPois   .            (no helmet)
rElec   .            (no cloak)
rCorr   .            (no gloves)
SInv    .            (no boots)
Will    .....        (no amulet)
Stlth   +            (no ring)
HPRegen 0.25/turn    (no ring)
MPRegen 0.11/turn

%: no passive effects
@: glowing
A: sense surroundings 1, otherworldly, glowing, explore regen
a: no special abilities


You were on level 4 of the Dungeon.
You visited 1 branch of the dungeon, and saw 4 of its levels.

You collected 85 gold pieces.

Inventory:

Armour
 a - a +0 robe (worn)


   Skills:
 + Level 2.5 Dodging
 - Level 1.4 Stealth
 + Level 3.2 Spellcasting
 + Level 1.2 Conjurations
 + Level 4.9 Fire Magic


You had 6 spell levels left.
You knew the following spells:

 Your Spells              Type           Power      Damage    Failure   Level
a - Foxfire               Conj/Fire      56%        2x1d6     4%          1
b - Scorch                Fire           40%        2d6       3%          2

Your spell library contained the following spells:

 Spells                   Type           Power      Damage    Failure   Level
 Inner Flame              Hex/Fire       11%        N/A       17%         3
 Volatile Blastmotes      Fire/Tloc      22%        2d11      17%         3
 Flame Wave               Conj/Fire      14%        2d6       41%         4


Dungeon Overview and Level Annotations

Branches:
Dungeon (4/15) Zot: 2096
 Temple: D:4-7

Altars:

Shops:
D:1 =


Innate Abilities, Weirdness & Mutations

You passively map a small area around you.
You are easily found by Zot.
You glow in the dark.
You regain HP and MP as you explore.


Message History

The quokka attacks as you move away! The quokka misses you.
Found a stone staircase leading down.
Casting: Foxfire (safe; 4% risk of failure)
Confirm with . or Enter, or press ? or * to list all spells.
You conjure some foxfire!
The quokka misses you. The orc hits you with a +0 whip.
Casting: Foxfire (safe; 4% risk of failure)
Confirm with . or Enter, or press ? or * to list all spells.
You conjure some foxfire!
The foxfire hits the hound.
The hound is moderately wounded.
The foxfire hits the hound but does no damage.
The hound is moderately wounded.
The quokka barely misses you. The hound bites you. The quokka bites you.
The orc hits you with a +0 whip. The hound bites you.
Magic courses through your body.
The foxfire hits the orc but does no damage.
The orc is heavily wounded.
The foxfire hits the orc.
The orc is heavily wounded.
The hound barely misses you. The quokka closely misses you.
The orc hits you with a +0 whip.
Casting: Foxfire (safe; 4% risk of failure)
Confirm with . or Enter, or press ? or * to list all spells.
Flames lash the hound.
The hound is almost dead.
The hound's fire resistance burns away.
The hound barely misses you. The quokka bites you.
* * * LOW HITPOINT WARNING * * *
The orc hits you with a +0 whip.
* * * LOW HITPOINT WARNING * * *
The hound bites you.
* * * LOW HITPOINT WARNING * * *
Casting: Scorch (safe; 3% risk of failure)
Confirm with . or Enter, or press ? or * to list all spells.
You conjure some foxfire!
The quokka bites you but does no damage.
The hound closely misses you. The orc hits you with a +0 whip.
* * * LOW HITPOINT WARNING * * *
The quokka attacks as you move away! The quokka bites you.
You die...

, , #>. , * #.#
, * * #.# * , ~
, , , #.# , , ,
#.## * , ~
##..### ,, *
######..v..# *
#......@v..##
#.....orh...#
#...........###
########......#
.......##..# ,
,.......##..# ,
........##..###
........###...#
........#
#.#+### *


You could see a hound (combustible), an orc (ally target) and a quokka (ally
target).

Vanquished Creatures
  2 adders
  A worm (D:3)
  An orc (D:4)
  A ball python (D:3)
  2 endoplasms
  2 giant cockroaches (D:4)
  A goblin (D:3)
  2 hobgoblins
  4 jackals (D:1)
  A kobold (D:3)
  A rat (D:3)
18 creatures vanquished.

Vanquished Creatures (others)
  53 foxfires
53 creatures vanquished.

Grand Total: 71 creatures vanquished

Notes
Turn   | Place    | Note
-------+----------+-------------------------------------------
     0 | D:1      | hawla the Meteoran Fire Elementalist began the quest for
                  | the Orb.
     0 | D:1      | Reached XP level 1. HP: 14/14 MP: 5/5
    79 | D:1      | Reached skill level 4 in Fire Magic
    79 | D:1      | Reached XP level 2. HP: 20/20 MP: 3/6
   138 | D:1      | Found Ynuwn's Jewellery Emporium.
   190 | D:2      | Reached XP level 3. HP: 19/26 MP: 2/8
   193 | D:2      | Learned a level 2 spell: Scorch
   273 | D:4      | Reached XP level 4. HP: 30/33 MP: 0/9
   304 | D:4      | Slain by a quokka

Illustrated notes

Levels and vault maps discovered:
D:1:      minmay_arrival_four_circles, layout_basic, serial_shops,
          nicolae_shop_peninsula, nrook_mini_vaults, st_stairs_8
D:2:      layout_loops_ring, uniq_crazy_yiuf_cottage, uniq_sigmund
D:3:      minmay_chambers_of_twos, layout_loops_ring, elyvilon_altar_5,
          mainiacjoe_overflow_six_doors_small, serial_shops, shop,
          shapermc_ecumenical_altar_mp_highgroup
D:4:      layout_basic, grunt_dithmenos_smoke_and_mirrors,
          general_overflow_altar, nicolae_overflow_crystal_walls,
          kennysheep_path_1

Skill      XL: |  1  2  3 |
---------------+----------+-----
Fire Magic     | 4 |  4.9
Spellcasting   | 3 |  3.2
Dodging        | |  2.5
Stealth        | |  1.4
Conjurations   | |  1.2

Action                     |  1- 3 |  4- 6 || total
---------------------------+-------+-------++-------
  Melee: Unarmed           |     2 |       ||     2
   Cast: Foxfire           |    25 |     5 ||    30
         Scorch            |     2 |     1 ||     3
    Use: Potion            |       |     1 ||     1
 Armour: Robe              |     1 |     1 ||     2
  Dodge: Dodged            |     5 |    10 ||    15
